 Dungeon Crawl Stone Soup version 0.29.1-15-g9cfb28693d (webtiles) character file.

Game seed: 2281105713339009223

2725 KamiKatze the Thaumaturge (level 9, -1/45 HPs)
             Began as a Deep Elf Conjurer on Apr 6, 2023.
             Was a Believer of Vehumet.
             Slain by a warg (14 damage)
             ... on level 7 of the Dungeon on Apr 11, 2023.
             The game lasted 00:27:53 (7500 turns).

KamiKatze the Thaumaturge (Deep Elf Conjurer)       Turns: 7500, Time: 00:27:54

Health: -1/45      AC:  8    Str: 10    XL:     9   Next: 40%
Magic:  12/24      EV: 16    Int: 28    God:    Vehumet [**....]
Gold:   409        SH:  0    Dex: 13    Spells: 15/26 levels left

rFire   . . .      SeeInvis .   u - +2 dagger (venom)
rCold   . . .      Faith    .   (no shield)
rNeg    . . .      Spirit   .   A - +1 robe {Archmagi}
rPois   .          Reflect  .   j - +2 helmet
rElec   .          Harm     .   B - +0 cloak
rCorr   .          Rampage  .   o - +0 pair of gloves
Will    .....      Archmagi +   (no boots)
Stlth   ++........              v - amulet of regeneration
HPRegen 0.95/turn               C - +4 ring of evasion
MPRegen 0.19/turn               H - +6 ring of strength

@: no status effects
A: no striking features
a: Renounce Religion


You were on level 7 of the Dungeon.
You worshipped Vehumet.
Vehumet was pleased with you.
You visited 2 branches of the dungeon, and saw 9 of its levels.

You collected 409 gold pieces.

Inventory:

Hand Weapons
 a - a +0 whip
 u - a +2 dagger of venom (weapon)
Missiles
 r - 21 poisoned darts (quivered)
 w - 6 datura-tipped darts
 L - a curare-tipped dart
Armour
 j - a +2 helmet (worn)
 o - a +0 pair of gloves (worn)
 A - a +1 robe of the Archmagi (worn)
 B - a +0 cloak (worn)
 F - +0 steam dragon scales
Jewellery
 v - an amulet of regeneration (around neck)
 C - a +4 ring of evasion (left hand)
 H - a +6 ring of strength (right hand)
Wands
 s - a wand of flame (50)
 y - a wand of roots (3)
 I - a wand of paralysis (10)
Scrolls
 c - 7 scrolls of teleportation
 e - 3 scrolls of fear {unknown}
 f - a scroll of noise {unknown}
 g - a scroll of immolation {unknown}
 h - 2 scrolls of summoning {unknown}
 i - 2 scrolls of amnesia {unknown}
 m - a scroll of identify
 p - 2 scrolls of blinking {unknown}
 t - 2 scrolls of enchant armour {unknown}
 E - a scroll of poison {unknown}
 G - 2 scrolls of vulnerability {unknown}
 J - a scroll of fog {unknown}
Potions
 b - 3 potions of magic
 d - 2 potions of brilliance
 k - 2 potions of curing
 l - a potion of berserk rage
 n - 2 potions of mutation
 q - a potion of lignification
 x - 2 potions of flight
 z - a potion of haste
 D - a potion of heal wounds
 K - a potion of might


   Skills:
 - Level 3.0 Dodging
 - Level 3.0 Stealth
 * Level 9.0 Spellcasting
 * Level 8.3 Conjurations
 * Level 8.2 Hexes
 * Level 6.8 Translocations


You had 15 spell levels left.
You knew the following spells:

 Your Spells              Type           Power      Damage    Failure   Level
a - Magic Dart            Conj           100%       1d8       1%          1
b - Searing Ray           Conj           100%       2d8       1%          2
c - Fulminant Prism       Conj/Hex       36%        3d18      1%          4
d - Iskenderun's Mystic   Conj/Tloc      70%        2d14      1%          4

Your spell library contained the following spells:

 Spells                   Type           Power      Damage    Failure   Level
 Poisonous Vapours        Pois/Air       36%        N/A       7%          2
 Dazzling Flash           Conj/Hex       100%       N/A       1%          3
 Stone Arrow              Conj/Erth      100%       3d13      2%          3
 Sandblast                Erth           36%        2d10      4%          1
 Mephitic Cloud           Conj/Pois/Air  42%        N/A       4%          3
 Passwall                 Tmut/Erth      15%        N/A       7%          2
 Scorch                   Fire           36%        2d6       7%          2
 Flame Wave               Conj/Fire      52%        2d13      9%          4
 Ignite Poison            Fire/Tmut/Pois 18%        N/A       13%         3
 Freezing Cloud           Conj/Ice/Air   21%        6-21      36%         5
 Animate Armour           Summ/Erth      36%        N/A       41%         4
 Summon Lightning Spire   Summ/Air       18%        N/A       41%         4
 Summon Cactus Giant      Summ           9%         N/A       100%        6
 Storm Form               Tmut/Air       9%         N/A       100%        7
 Lehudib's Crystal Spear  Conj/Erth      26%        10d7      100%        8
 Maxwell's Capacitive Co  Air            9%         ∞         100%        8


Dungeon Overview and Level Annotations

Branches:
Dungeon (8/15)             Temple (1/1) D:6
   Lair: D:8-11

Altars:
Ashenzari
Cheibriados
Dithmenos
Elyvilon
Fedhas
Hepliaklqana
Kikubaaqudgha
Makhleb
Nemelex Xobeh
Okawaru
Qazlal
Ru
Sif Muna
Trog
Uskayaw
Vehumet
Wu Jian
Xom
Yredelemnul
Zin

Annotations:
D:6 dig for gold w:1


Message History

The warg bites you!
* * * LOW HITPOINT WARNING * * *
The warg completely misses you.
Unknown command.
Casting: Iskenderun's Mystic Blast (dangerous; 1% risk of failure)
Confirm with . or Enter, or press ? or * to list all spells.
You feel a surge of power!
You erupt in a blast of force!
The mystic blast hits the warg.
The warg is lightly wounded.
The warg is knocked back by the mystic blast.
The mystic blast hits the warg!
You kill the warg!
Vehumet accepts your kill.
The mystic blast hits the warg!
The warg is heavily wounded.
The warg misses you.
Your Spellcasting skill increases to level 9!
Unknown command.
Casting: Iskenderun's Mystic Blast (dangerous; 1% risk of failure)
Confirm with . or Enter, or press ? or * to list all spells.
You feel a surge of power!
You erupt in a blast of force!
The mystic blast hits the warg.
The warg is moderately wounded.
The warg is knocked back by the mystic blast.
The mystic blast hits the warg!
The warg is severely wounded.
The warg is knocked back by the mystic blast.
Casting: Iskenderun's Mystic Blast (dangerous; 1% risk of failure)
Confirm with . or Enter, or press ? or * to list all spells.
You feel a surge of power!
You erupt in a blast of force!
The mystic blast hits the warg!!
The warg is almost dead.
The warg is knocked back by the mystic blast.
The mystic blast hits the warg.
The warg is severely wounded.
The warg is knocked back by the mystic blast.
Your magical contamination has completely faded away.
Unknown command.
The warg bites you!
You die...

.....#..(.###)##....>#
#.#.###.##
.###.......##.##^....###.##.#..#
.............................#.#
#......#.#.8.....8...#########.#
...###.#.#...........# #.#
#........#..........## #######.#
#........#......h..#####.......#
###..###.#.....>.........#######
#......#......@..#######
#.#..##..8....h8.#
#....#.........).#
###.......#....[.#
#.####.#####.[[# #####.# #.#
##.## #### ......# #.# #.# #...
####### #.# #.# #.## #.# #<# #.#


You could see 2 wargs.

Vanquished Creatures
  Eustachio (D:4)
  A steam dragon (D:6)
  A warg (D:7)
  A sky beast (D:6)
  2 black bears
  2 orc warriors (D:7)
  A centaur (D:7)
  An ogre (D:5)
  A phantom (D:5)
  2 kobold brigands (D:7)
  Blork the orc (D:5)
  A necrophage (D:5)
  4 scorpions
  A bullfrog (D:6)
  A wight (D:8)
  3 jellies
  A vampire bat (D:3)
  3 orc priests
  4 hounds
  Crazy Yiuf (D:3)
  Natasha (thrice) (D:2)
  2 iguanas
  8 orc wizards
  8 adders
  A shadow imp (D:6)
  2 white imps
  3 ufetubi
  A worm (D:2)
  A dart slug (D:4)
  3 fire bats (D:3)
  29 orcs
  2 spectral bats (D:3)
  4 ball pythons
  3 bat skeletons (D:3)
  A bat zombie (D:3)
  8 endoplasms
  3 giant cockroaches
  7 goblins
  2 hobgoblins (D:1)
  2 jackals (D:1)
  9 kobolds
  3 quokkas
  14 bats
  A bat simulacrum (D:3)
  5 frilled lizards
  8 rats
166 creatures vanquished.

Vanquished Creatures (others)
  30 fulminant prisms
  A fungus (D:3)
31 creatures vanquished.

Grand Total: 197 creatures vanquished

Notes
Turn   | Place    | Note
-------+----------+-------------------------------------------
     0 | D:1      | KamiKatze the Deep Elf Conjurer began the quest for the
                  | Orb.
     0 | D:1      | Reached XP level 1. HP: 10/10 MP: 6/6
    60 | D:1      | Found a faded altar of an unknown god.
   197 | D:1      | Reached XP level 2. HP: 13/15 MP: 5/8
   200 | D:1      | Learned a level 2 spell: Searing Ray
   335 | D:1      | Reached skill level 1 in Hexes
   546 | D:1      | Reached skill level 1 in Translocations
   651 | D:1      | Reached XP level 3. HP: 19/19 MP: 9/9
   970 | D:2      | Noticed Natasha
   978 | D:2      | Killed Natasha
  1174 | D:2      | Reached XP level 4. HP: 24/24 MP: 6/11
  1179 | D:2      | Learned a level 4 spell: Fulminant Prism
  1306 | D:2      | Noticed Natasha
  1312 | D:2      | Killed Natasha
  1313 | D:2      | Reached skill level 4 in Spellcasting
  1368 | D:2      | Learned a level 4 spell: Iskenderun's Mystic Blast
  1581 | D:2      | Noticed Natasha
  1585 | D:2      | Killed Natasha
  1586 | D:2      | Reached skill level 5 in Conjurations
  1586 | D:2      | Reached XP level 5. HP: 28/28 MP: 8/13
  1831 | D:2      | Found a hazy altar of Hepliaklqana.
  3070 | D:3      | Reached XP level 6. HP: 29/32 MP: 7/15
  3227 | D:3      | Reached skill level 5 in Spellcasting
  3350 | D:3      | Found a runed translucent door.
  3351 | D:3      | Noticed Crazy Yiuf
  3581 | D:4      | Reached XP level 7. HP: 36/36 MP: 11/17
  3679 | D:4      | Noticed Eustachio
  3692 | D:4      | Killed Eustachio
  3693 | D:4      | Reached skill level 6 in Spellcasting
  3814 | D:4      | Reached skill level 5 in Hexes
  4169 | D:4      | Found a radiant altar of Vehumet.
  4180 | D:4      | Became a worshipper of Vehumet
  4210 | D:5      | Entered Level 5 of the Dungeon
  4536 | D:5      | Reached XP level 8. HP: 41/41 MP: 5/20
  4597 | D:5      | Noticed Blork the orc
  4607 | D:5      | Killed Blork the orc
  4839 | D:5      | Reached skill level 7 in Spellcasting
  5134 | D:3      | Killed Crazy Yiuf
  5135 | D:3      | Reached skill level 5 in Translocations
  5616 | D:6      | Found a staircase to the Ecumenical Temple.
  5624 | Temple   | Entered the Ecumenical Temple
  5818 | D:6      | Found a broken altar of Ashenzari.
  5948 | D:6      | Reached * piety under Vehumet
  5948 | D:6      | Offered knowledge of Shock by Vehumet.
  6209 | D:6      | Reached skill level 8 in Spellcasting
  6432 | D:7      | Reached XP level 9. HP: 45/45 MP: 12/23
  7024 | D:7      | Found a blossoming altar of Fedhas.
  7087 | D:7      | Reached ** piety under Vehumet
  7362 | D:7      | Offered knowledge of Poisonous Vapours by Vehumet.
  7498 | D:7      | Reached skill level 9 in Spellcasting
  7500 | D:7      | Slain by a warg

Illustrated notes

Levels and vault maps discovered:
D:1:      dpeg_arrival_simpleton_c, layout_loops_ring,
          hellmonk_ecumenical_altar_slurped_away, serial_bayou_pond_c,
          minmay_misc_feat_four_crosses
D:2:      layout_basic, basic_altar, uniq_natasha
D:3:      layout_loops_corners, goddamned_bats, uniq_crazy_yiuf_cottage
D:4:      layout_basic, lemuel_coloured_pillars_altar, uniq_eustachio
D:5:      layout_gridville, uniq_blork_the_orc
D:6:      layout_basic, lemuel_round_altar, temple_statues,
          lightli_corner_chamber
D:7:      layout_loops_ring, fedhas_altar_1, st_stairs_1,
          minmay_misc_feat_columns
D:8:      layout_rooms, minitemple, erik_lair_orcish_takeover
Temple:   bh_familiar_temple

Skill      XL: |  1  2  3  4  5  6  7  8  9 |
---------------+----------------------------+-----
Hexes          | 1 2 3 4 5 7 8 |  8.2
Translocations | 1 2 3 4 6 |  6.8
Dodging        | 3 |  3.0
Stealth        | 3 |  3.0
Spellcasting   | 4 5 6 8 9 |  9.0
Conjurations   | 5 6 7 8 |  8.3

Action                   |  1- 3 |  4- 6 |  7- 9 || total
-------------------------+-------+-------+-------++-------
Melee: Unarmed           |     2 |       |       ||     2
       Whip              |    20 |    14 |       ||    34
       Punch             |     1 |     1 |       ||     2
       Dagger            |       |    10 |     5 ||    15
 Cast: Magic Dart        |    48 |    63 |    22 ||   133
       Searing Ray       |     6 |    17 |    29 ||    52
       Fulminant Prism   |       |     1 |    29 ||    30
       Iskenderun's Myst |       |       |    14 ||    14
  Use: Scroll            |       |       |    10 ||    10
       Potion            |       |       |     1 ||     1
 Stab: Sleeping          |     3 |     1 |     1 ||     5
Armor: Robe              |     8 |    23 |     9 ||    40
Dodge: Dodged            |    17 |    22 |    27 ||    66
